 Dungeon Crawl Stone Soup version 0.22-a0-268-g1cc83ef (webtiles) character file.

32466 RoseArtemis the Severer (level 13, -6/119 HPs)
             Began as a Minotaur Fighter on Mar 10, 2018.
             Was the Champion of Okawaru.
             Engulfed by an ice statue's freezing vapour (9 damage)
             ... in an ice cave.
             The game lasted 00:34:47 (17466 turns).

RoseArtemis the Severer (Minotaur Fighter)         Turns: 17466, Time: 00:34:48

Health: -6/119     AC: 22    Str: 28    XL:     13   Next: 31%
Magic:  17/17      EV:  4    Int:  6    God:    Okawaru [******]
Gold:   922        SH:  0    Dex: 12    Spells: 12/12 levels left

rFire    . . .     SeeInvis .   a - +0 hand axe (flame)
rCold    . . .     Gourm    .   m - +0 large shield
rNeg     . . .     Faith    .   D - +0 plate armour
rPois    .         Spirit   .   (helmet restricted)
rElec    .         Reflect  .   I - +0 cloak {MR+}
rCorr    .         Harm     .   k - +0 pair of gloves
MR       +....                  O - +2 pair of boots {run}
Stlth    ..........             L - amulet of regeneration
HPRegen  0.69/turn              (no ring)
MPRegen  0.15/turn              (no ring)

@: confused, mighty, quick
A: retaliatory headbutt, horns 2
a: Heroism, Finesse, Renounce Religion


You were in an ice cave.
You worshipped Okawaru.
Okawaru was exalted by your worship.
You were hungry.

You visited 3 branches of the dungeon, and saw 18 of its levels.
You also visited: Sewer and Ice Cave.

You collected 922 gold pieces.

Inventory:

Hand Weapons
 a - a +0 hand axe of flaming (weapon)
Armour
 k - a +0 pair of gloves (worn)
 m - a +0 large shield (worn)
 z - a scarf of cloud immunity
 D - a +0 plate armour (worn)
 I - a +0 cloak of magic resistance (worn)
 O - a +2 pair of boots of running (worn)
Jewellery
 L - an amulet of regeneration (around neck)
Wands
 e - a wand of clouds (5)
 q - a wand of disintegration (11)
 x - a wand of acid (9)
 y - a wand of polymorph (17)
 A - a wand of enslavement (6)
 E - a wand of flame (22)
 J - a wand of random effects (23)
 K - a wand of iceblast (19)
 N - a wand of paralysis (6)
Scrolls
 b - a scroll of holy word {unknown}
 c - 3 scrolls of identify
 i - 5 scrolls of teleportation {unknown}
 j - 4 scrolls of amnesia
 n - 4 scrolls of enchant armour {unknown}
 o - 5 scrolls of remove curse
 p - 3 scrolls of fog {unknown}
 t - 3 scrolls of noise {unknown}
 v - 2 scrolls of enchant weapon {unknown}
 B - 3 scrolls of blinking {unknown}
 C - a scroll of random uselessness {unknown}
 G - 2 scrolls of fear {unknown}
 M - 3 scrolls of magic mapping {unknown}
Potions
 d - a potion of might
 g - 2 potions of mutation
 h - 3 potions of haste
 l - 2 potions of agility
 r - 2 potions of lignification
 w - 5 potions of flight
 F - a potion of brilliance {unknown}
 H - 2 potions of ambrosia
Comestibles
 f - 29 rations
 s - 6 chunks of flesh


   Skills:
 + Level 12.9 Fighting
 * Level 16.7(16.8) Axes
   Level 3.1(11.7) Maces & Flails
 + Level 12.9 Armour
 - Level 6.2 Shields
 + Level 7.7 Invocations


You had 12 spell levels left.
You didn't know any spells.

Dungeon Overview and Level Annotations

Branches:
Dungeon (11/15)            Temple (1/1) D:4            Lair (6/6) D:8
 Shoals (0/4) Lair:2       Spider (0/4) Lair:3
  Slime: Lair:5-6       Orc: D:9-12

Altars:
Ashenzari
Cheibriados
Dithmenos
Elyvilon
Fedhas
Gozag
Hepliaklqana
Kikubaaqudgha
Makhleb
Nemelex Xobeh
Okawaru
Qazlal
Ru
Sif Muna
Trog
Uskayaw
Vehumet
Wu Jian
Xom
Yredelemnul
Zin
The Shining One

Shops:
D:9 [

Annotations:
Lair:4 exclusion: oklob plant
Lair:5 exclusion: oklob plant
Lair:6 exclusion: oklob plant IceCv exclusion: 2 ice statues


Innate Abilities, Weirdness & Mutations

You reflexively headbutt those who attack you in melee.
You have a pair of horns on your head.


Message History

The ice beast hits you.
* * * LOW HITPOINT WARNING * * *
The ice beast freezes you.
* * * LOW HITPOINT WARNING * * *
The ice beast hits you but does no damage.
You bump into the ice covered rock wall.
You are engulfed in freezing vapours.
* * * LOW HITPOINT WARNING * * *
The ice statue gestures at you. The bolt of cold hits you!
* * * LOW HITPOINT WARNING * * *
The bolt of cold hits the ice beast.
The ice beast completely resists.
The ice beast hits you but does no damage. x3
You slice the ice beast!!
You melt the ice beast!
You kill the ice beast!
You slash the ice statue!
You melt the ice statue.
Your shield prevents you from hitting the ice beast.
You slash the ice beast!
You melt the ice beast.
You are engulfed in freezing vapours.
You die...

#####
#####...##
##........##
##..........
.#..........##
......§§...§.#
.....§..Y.§#
..§§5§.§@Y#
#8#.§.§#8#
##..#### #..##
##..## ##..#
##...# ##...##
#...##


You could see 2 ice statues, 2 ice beasts and a white imp.

Vanquished Creatures
  The ghost of Fingolfin the Thaumaturge, a journeyman NaWz of Sif Muna (Lair:4)
  The ghost of Nr616 the Fighter, a journeyman MiBe of Trog (Lair:3)
  Josephine (Lair:5)
  3 hydras
  Erica (Lair:1)
  2 two-headed ogres
  The ghost of nikopol the Thaumaturge, a novice DEFE of Sif Muna (D:6)
  2 merfolk sirens (Lair:2)
  4 black mambas
  9 spiny frogs
  2 rime drakes (Lair:6)
  4 komodo dragons
  2 polar bears
  2 jumping spiders (Lair:3)
  2 trolls (D:10)
  The ghost of Fingolfin the Conjurer, an amateur DgWz (D:4)
  A hornet (D:10)
  13 blink frogs
  A merfolk (Lair:2)
  5 hippogriffs
  3 redbacks (Lair:3)
  4 wraiths (Lair:5)
  Eustachio (D:7)
  3 wyverns
  14 yaks
  4 basilisks
  A steam dragon (D:8)
  10 water moccasins
  Purgy (Sewer)
  2 hell hounds (D:8)
  10 porcupines
  2 sky beasts (D:7)
  2 ice beasts (D:9)
  2 orc warriors
  A black bear (D:9)
  An ogre (D:9)
  6 phantoms
  20 wolves
  A necrophage (D:6)
  3 centaurs
  15 crocodiles
  17 bullfrogs
  2 gnoll sergeants (D:7)
  A wyvern zombie (D:8)
  5 killer bees (D:8)
  2 scorpions
  A wyvern skeleton (D:6)
  A wight (D:7)
  A howler monkey (D:10)
  An electric eel (Lair:4)
  2 crimson imps
  2 bullfrog zombies (D:6)
  A centaur zombie (D:7)
  A quasit (D:8)
  6 hounds
  3 jellies
  11 orc priests
  A bullfrog skeleton (D:4)
  A gnoll shaman (D:5)
  An iguana (D:4)
  8 orc wizards
  7 worker ants
  A hound skeleton (D:7)
  3 gnolls (D:5)
  12 adders
  2 shadow imps
  7 white imps (IceCv)
  2 ufetubi (IceCv)
  11 oozes
  An adder skeleton (D:4)
  An adder zombie (D:6)
  3 worms
  3 dart slugs
  7 leopard geckos
  40 orcs
  5 giant cockroaches
  3 goblins
  3 hobgoblins
  9 jackals
  7 kobolds
  6 quokkas
  3 ball pythons
  9 bats
  2 frilled lizards
  A jackal skeleton (D:4)
  A jackal zombie (D:8)
  A leopard gecko skeleton (D:6)
  8 rats
  A bush (Lair:3)
  A fungus (Lair:5)
  7 plants (Lair:3)
399 creatures vanquished.

Vanquished Creatures (others)
  4 white imps (IceCv)
  2 ufetubi (IceCv)
  12 fungi
  6 plants
24 creatures vanquished.

Grand Total: 423 creatures vanquished

Notes
Turn   | Place    | Note
-------+----------+-------------------------------------------
     0 | D:1      | RoseArtemis the Minotaur Fighter began the quest for the Orb.
     0 | D:1      | Reached XP level 1. HP: 19/19 MP: 0/0
   254 | D:1      | Reached XP level 2. HP: 27/27 MP: 1/1
  1042 | D:2      | Reached skill level 1 in Axes
  1054 | D:2      | Reached XP level 3. HP: 32/33 MP: 2/2
  1532 | D:2      | Reached skill level 2 in Axes
  1532 | D:2      | Reached XP level 4. HP: 40/40 MP: 3/3
  1981 | D:3      | Found a sacrificial altar of Ru.
  2004 | D:3      | Found a glowing drain.
  2048 | Sewer    | Entered a sewer
  2081 | Sewer    | Noticed Purgy
  2095 | Sewer    | Killed Purgy
  2095 | Sewer    | Reached skill level 3 in Axes
  2095 | Sewer    | Reached XP level 5. HP: 30/47 MP: 4/4
  2950 | D:4      | Noticed a phantom
  2957 | D:4      | Reached XP level 6. HP: 31/55 MP: 5/5
  3095 | D:4      | Reached skill level 4 in Axes
  3109 | D:4      | Reached skill level 5 in Fighting
  3109 | D:4      | Reached skill level 5 in Armour
  3115 | D:4      | Reached skill level 5 in Shields
  3201 | D:4      | Found a radiant altar of Vehumet.
  3308 | D:4      | Reached skill level 5 in Axes
  3334 | D:4      | Reached XP level 7. HP: 60/61 MP: 6/6
  3367 | D:4      | Noticed Fingolfin's ghost (amateur DgWz)
  3384 | D:4      | Killed Fingolfin's ghost
  3384 | D:4      | Reached skill level 6 in Axes
  3663 | D:4      | Found a staircase to the Ecumenical Temple.
  3678 | Temple   | Entered the Ecumenical Temple
  3871 | Temple   | Became a worshipper of Warmaster Okawaru
  4028 | D:5      | Entered Level 5 of the Dungeon
  4632 | D:5      | Reached XP level 8. HP: 61/70 MP: 7/7
  5091 | D:6      | Reached skill level 7 in Axes
  5098 | D:6      | Reached * piety under Okawaru
  5232 | D:6      | Reached skill level 8 in Axes
  5257 | D:6      | Noticed nikopol's ghost (novice DEFE)
  5280 | D:6      | Killed nikopol's ghost
  5280 | D:6      | Reached ** piety under Okawaru
  5280 | D:6      | Reached skill level 9 in Axes
  5280 | D:6      | Reached XP level 9. HP: 73/79 MP: 8/8
  5842 | D:7      | Reached *** piety under Okawaru
  6016 | D:7      | Noticed Eustachio
  6017 | D:7      | Found the +8 demon blade "Bloodbane" {slice, *Rage +Rage Stlth-}
  6328 | D:7      | Reached skill level 10 in Axes
  6522 | D:7      | Killed Eustachio
  7248 | D:8      | Found a staircase to the Lair.
  7293 | D:8      | Reached skill level 11 in Axes
  7620 | D:8      | Reached XP level 10. HP: 76/91 MP: 9/9
  7935 | D:8      | Reached **** piety under Okawaru
  8809 | D:9      | Found Uvimiq's Antique Armour Emporium.
  8874 | D:9      | Reached skill level 12 in Axes
  9951 | D:10     | Entered Level 10 of the Dungeon
  9989 | D:10     | Reached ***** piety under Okawaru
  9989 | D:10     | Reached skill level 1 in Invocations
 10109 | D:10     | Noticed a two-headed ogre
 10121 | D:10     | Killed a two-headed ogre
 10121 | D:10     | Reached skill level 10 in Fighting
 10121 | D:10     | Reached skill level 10 in Armour
 10774 | D:11     | Noticed a two-headed ogre
 10785 | D:11     | Killed a two-headed ogre
 10785 | D:11     | Reached skill level 13 in Axes
 10785 | D:11     | Reached XP level 11. HP: 93/100 MP: 10/12
 10864 | Lair:1   | Entered Level 1 of the Lair of Beasts
 11045 | Lair:1   | Noticed Erica
 11058 | Lair:1   | Killed Erica
 11353 | Lair:1   | Reached ****** piety under Okawaru
 11639 | Lair:1   | You fall through a shaft!
 11753 | Lair:2   | Received a gift from Okawaru
 12067 | Lair:2   | Found a shattered altar of Ashenzari.
 12226 | Lair:2   | Reached skill level 14 in Axes
 12233 | Lair:2   | Found a staircase to the Shoals.
 13143 | Lair:3   | Reached skill level 5 in Invocations
 13307 | Lair:3   | Noticed Nr616's ghost (journeyman MiBe)
 13331 | Lair:3   | Killed Nr616's ghost
 13331 | Lair:3   | Reached XP level 12. HP: 100/110 MP: 7/15
 13543 | Lair:3   | Reached skill level 15 in Axes
 13626 | Lair:3   | Received a gift from Okawaru
 13666 | Lair:3   | Identified a +2 pair of boots of running (Okawaru gifted it to you on level 3 of the Lair of Beasts)
 13816 | Lair:3   | Found a hole to the Spider Nest.
 14760 | Lair:4   | Noticed an eight-headed hydra
 14785 | Lair:4   | Killed a three-headed hydra
 15034 | Lair:4   | Noticed Fingolfin's ghost (journeyman NaWz)
 15176 | Lair:4   | Killed Fingolfin's ghost
 15718 | Lair:5   | Noticed a four-headed hydra
 15733 | Lair:5   | Killed a one-headed hydra
 15893 | Lair:5   | Reached skill level 16 in Axes
 15975 | Lair:5   | Received a gift from Okawaru
 16330 | Lair:5   | Noticed Josephine
 16349 | Lair:5   | Killed Josephine
 16349 | Lair:5   | Reached XP level 13. HP: 85/119 MP: 17/17
 16364 | Lair:5   | Received a gift from Okawaru
 16863 | Lair:6   | Entered Level 6 of the Lair of Beasts
 16886 | Lair:5   | HP: 7/178 [spiny frog (8)]
 16891 | Lair:5   | HP: 6/178 [poisoned by a spiny frog]
 16896 | Lair:5   | HP: 3/119 [poisoned by a spiny frog]
 16901 | Lair:5   | HP: 4/119 [poisoned by a spiny frog]
 17386 | Lair:6   | Found a frozen archway.
 17403 | IceCv    | Entered an ice cave
 17465 | IceCv    | HP: 3/119 [ice statue/bolt of cold (23)]
 17466 | IceCv    | Engulfed by an ice statue's freezing vapour

Vault maps used:
D:1:      roderic_chinese_lattice_arrival
D:3:      cheibrodos_sewer_entry_bend, hangedman_ru_absence
D:4:      vehumet_crystals, minmay_temple_entry_large_hall,
          hangedman_minor_gate_pass
D:5:      first_ration, grunt_decor_fettered
D:7:      cheibrodos_quashed, sword_in_stone
D:8:      minmay_lair_entry_lava
D:9:      serial_shops, shop_fountains
D:10:     grunt_ogre_cave
D:11:     basic_altar
Temple:   minmay_crystal_snake_temple
Lair:1:   minivault_26, minivault_27, infiniplex_staircase_pool_2, uniq_erica
Lair:2:   elwin_shoals_entry_rooms, lightli_volcano_entry_magma_tube,
          basic_altar, grunt_megastairs_3
Lair:3:   spider_nest_entry_a, serial_forest, infiniplex_forest_end_3,
          infiniplex_forest_clump_cross, infiniplex_forest_pool,
          infiniplex_forest_3_way, infiniplex_forest_corner_2,
          infiniplex_forest_straight_2, serial_bayou_shore_a
Lair:4:   serial_bayou_ford_a, minmay_lair_oklob_chamber, lemuel_fruit_fields,
          infiniplex_staircase_pool
Lair:5:   lemuel_slime, lemuel_fruit_fields, uniq_josephine
Lair:6:   due_jungle_book, slime_altar_1, portal_ice_cave_rime,
          grunt_megastairs_4
Sewer:    sewer_big_baddie
IceCv:    ice_cave_small_demon

Skill      XL: |  1  2  3  4  5  6  7  8  9 10 11 12 |
---------------+-------------------------------------+-----
Maces & Flails | 3 |  3.1
Armour         | 4 5 6 7 9 10 11 12 | 12.9
Fighting       | 4 5 6 7 9 10 11 12 | 12.9
Axes           | 1 2 3 5 6 9 11 13 14 16 | 16.7
Shields        | 4 5 6 |  6.2
Invocations    | 2 5 7 |  7.7

Action                   |  1- 3 |  4- 6 |  7- 9 | 10-12 | 13-15 || total
-------------------------+-------+-------+-------+-------+-------++-------
Melee: Flail             |    28 |       |       |       |       ||    28
       Headbutt          |     9 |    26 |    76 |   227 |    50 ||   388
       Hand axe          |    50 |   178 |   450 |  1032 |   190 ||  1900
Invok: Heroism           |       |       |       |     4 |       ||     4
       Finesse           |       |       |       |     2 |       ||     2
  Use: Scroll            |     2 |     5 |     2 |     9 |       ||    18
       Potion            |       |     1 |     2 |     8 |     7 ||    18
  Eat: Chunk             |     1 |     7 |    14 |    25 |     3 ||    50
       Ration            |       |       |       |     1 |       ||     1
Armor: Scale mail        |    32 |    92 |    51 |       |       ||   175
       Plate armour      |       |       |   141 |   394 |   112 ||   647
Dodge: Dodged            |    24 |    38 |    76 |   113 |    25 ||   276
Block: Shield            |    31 |    76 |   170 |   202 |       ||   479
       Large shield      |       |       |       |   356 |   152 ||   508

Table legend:
 A = Spawn XP
 B = Non-spawn XP
 C = Spawn XP percentage of total XP
 D = Spawn monster count
 E = Non-spawn monster count
 F = Spawn count percentage of total count
 G = Total turns spent on level
                    A         B        C        D         E        F      G
               +---------+---------+-------+---------+---------+-------+---------
         Total |       0 |   46381 |   0.0 |       0 |     390 |   0.0 | 17466
               +---------+---------+-------+---------+---------+-------+---------
           D:1 |       0 |      21 |   0.0 |       0 |      13 |   0.0 |   811
           D:2 |       0 |      90 |   0.0 |       0 |      21 |   0.0 |  1109
           D:3 |       0 |     114 |   0.0 |       0 |      23 |   0.0 |   959
           D:4 |       0 |     882 |   0.0 |       0 |      22 |   0.0 |   710
           D:5 |       0 |     352 |   0.0 |       0 |      20 |   0.0 |  1057
           D:6 |       0 |    2021 |   0.0 |       0 |      27 |   0.0 |   948
           D:7 |       0 |    1169 |   0.0 |       0 |      27 |   0.0 |  1066
           D:8 |       0 |    1776 |   0.0 |       0 |      29 |   0.0 |  1830
           D:9 |       0 |    1261 |   0.0 |       0 |      25 |   0.0 |  1052
          D:10 |       0 |    2358 |   0.0 |       0 |      19 |   0.0 |   855
          D:11 |       0 |     860 |   0.0 |       0 |       1 |   0.0 |    28
        Lair:1 |       0 |    2546 |   0.0 |       0 |      12 |   0.0 |   810
        Lair:2 |       0 |    6113 |   0.0 |       0 |      31 |   0.0 |  1464
        Lair:3 |       0 |    8168 |   0.0 |       0 |      34 |   0.0 |  1611
        Lair:4 |       0 |    4014 |   0.0 |       0 |      10 |   0.0 |   969
        Lair:5 |       0 |    9641 |   0.0 |       0 |      43 |   0.0 |  1349
        Lair:6 |       0 |    4792 |   0.0 |       0 |      18 |   0.0 |   336
         Sewer |       0 |     150 |   0.0 |       0 |       6 |   0.0 |   203
         IceCv |       0 |      53 |   0.0 |       0 |       9 |   0.0 |    63
               +---------+---------+-------+---------+---------+-------+---------
